 Dungeon Crawl Stone Soup version 0.27.1 (webtiles) character file.

Game seed: 2216892728503497712

668819 Naeght the Merfolkian Porcupine (level 27, -2/222 HPs)
             Began as a Merfolk Gladiator on Aug 27, 2021.
             Was a High Priest of Hepliaklqana.
             Splashed by an acid blob's acid (4 damage)
             ... created by the Royal Jelly
             ... on level 5 of the Pits of Slime on Sept 3, 2021.
             The game lasted 07:34:04 (95465 turns).

Naeght the Merfolkian Porcupine (MfGl)             Turns: 95465, Time: 07:34:06

Health: -2/222     AC: 16    Str: 21 (23) XL:     27
Magic:  0/31       EV: 27    Int: 14      God:    Hepliaklqana [*****.]
Gold:   7296       SH:  0    Dex: 20      Spells: 19/40 levels left

rFire    + . .     SeeInvis +   q - +8 bardiche (spect)
rCold    + . .     Faith    .   (shield currently unavailable)
rNeg     + . .     Spirit   +   l - +6 scale mail {rN+}
rPois    .         Reflect  .   a - +0 mask of the Dragon {Will+ Slay+3 SInv}
rElec    +         Harm     .   R - scarf {rC+ rF+}
rCorr    +         Rampage  .   Y - +2 pair of gloves {Dex+3}
Will     +++..     Rnd*Rage +   k - +2 pair of boots {Stlth+}
Stlth    ++++......             H - amulet of Jymnuot {Spirit rElec Int+2}
HPRegen  0.47/turn              O - ring "Uwedyere" {rElec AC+4 Int+4}
MPRegen  0.22/turn              Z - ring of resist corrosion

@: corroded, on berserk cooldown
A: reduced essence, (nimble swimmer 2), mertail, berserk 1, deterioration 1,
dopey 1, low mp 1, electricity resistance
}: 3/15 runes: decaying, serpentine, silver
a: Renounce Religion, Recall Ancestor, Ancestor Identity, Transference, Idealise


You were on level 5 of the Pits of Slime.
You worshipped Hepliaklqana.
Hepliaklqana was extremely pleased with you.
You visited 12 branches of the dungeon, and saw 55 of its levels.
You visited 1 bazaar.
You also visited: Sewer and Ice Cave.

You collected 12339 gold pieces.
You spent 5043 gold pieces at shops.

Inventory:

Hand Weapons
 h - the +10 bardiche of Okawaru's Reproof {venom, Will+ MP+9}
   (You acquired it on level 2 of the Depths)

   It poisons the flesh of those it strikes.
   MP:        It affects your magic capacity (+9).
   Will:      It increases your willpower.
 q - a +8 spectral bardiche (weapon)
Armour
 a - the +0 mask of the Dragon (worn) {Will+ Slay+3 SInv}
   (You bought it in a shop in a bazaar)

   Slay:      It affects your accuracy & damage with ranged weapons and melee
   (+3).
   SInv:      It lets you see invisible.
   Will:      It increases your willpower.
 k - a +2 pair of boots of stealth (worn)
 l - a +6 scale mail of positive energy (worn)
 R - a scarf of resistance (worn)
 Y - a +2 pair of gloves of dexterity (worn)
Jewellery
 c - a ring of protection from fire
 s - a ring of positive energy
 H - the amulet of Jymnuot (around neck) {Spirit rElec Int+2}
   (You found it on level 6 of the Dungeon)

   [amulet of guardian spirit]

   It causes incoming damage to be divided between your reserves of health and
   magic.
   Int:       It affects your intelligence (+2).
   rElec:     It insulates you from electricity.
 I - a +4 ring of protection
 L - a ring of willpower
 M - a ring of wizardry
 N - a ring of protection from cold
 O - the ring "Uwedyere" (left hand) {rElec AC+4 Int+4}
   (You found it on level 4 of the Vaults)

   [ring of protection]

   AC:        It affects your AC (+4).
   Int:       It affects your intelligence (+4).
   rElec:     It insulates you from electricity.
 Z - a ring of resist corrosion (right hand)
Wands
 i - a wand of mindburst (8)
 j - a wand of iceblast (38)
 v - a wand of charming (21)
 J - a wand of flame (75) (quivered)
 P - a wand of polymorph (24)
 Q - a wand of paralysis (54)
 S - a wand of acid (57)
 W - a wand of digging (4)
Scrolls
 d - 5 scrolls of magic mapping
 g - 2 scrolls of holy word
 n - 7 scrolls of silence
 p - 6 scrolls of vulnerability
 t - 7 scrolls of fog
 x - 4 scrolls of enchant armour
 y - 13 scrolls of teleportation
 z - 5 scrolls of amnesia
 A - a scroll of summoning
 B - 6 scrolls of blinking
 E - a scroll of brand weapon
 U - 4 scrolls of fear
Potions
 b - 2 potions of invisibility
 e - 10 potions of lignification
 f - a potion of heal wounds
 m - 10 potions of brilliance
 o - 10 potions of resistance
 r - 4 potions of mutation
 u - 7 potions of haste
 w - 6 potions of magic
 C - 8 potions of might
 D - 6 potions of attraction
 F - 16 potions of curing
 G - 4 potions of cancellation
 K - a potion of ambrosia
 T - 7 potions of flight
 X - 3 potions of berserk rage
Miscellaneous
 V - a phantom mirror


   Skills:
 + Level 26.6 Fighting
 O Level 27 Polearms
 - Level 2.1 Throwing
 - Level 7.0 Armour
 O Level 27 Dodging
 - Level 9.0 Stealth
 - Level 7.4 Spellcasting
 - Level 16.0 Hexes
 - Level 11.0 Transmutations
 * Level 19.0 Ice Magic
 - Level 16.0 Invocations
 * Level 7.7 Evocations


You had 19 spell levels left.
You knew the following spells:

 Your Spells              Type           Power      Damage    Failure   Level
a - Corona                Hex            55%        N/A       1%          1
b - Tukima's Dance        Hex            50%        N/A       1%          3
c - Yara's Violent Unrav  Hex/Tmut       21%        3d10      3%          5
d - Ozocubu's Armour      Ice            55%        N/A       1%          3
e - Frozen Ramparts       Ice            100%       1d12      1%          3
f - Invisibility          Hex            25%        N/A       7%          6

Your spell library contained the following spells:

 Spells                   Type           Power      Damage    Failure   Level
 Ensorcelled Hibernation  Hex/Ice        100%       N/A       1%          2
 Cause Fear               Hex            25%        N/A       1%          4
 Ice Form                 Ice/Tmut       47%        N/A       1%          4
 Metabolic Englaciation   Hex/Ice        26%        N/A       1%          5
 Sting                    Tmut/Pois      80%        1d7       3%          1
 Inner Flame              Hex/Fire       27%        N/A       3%          3
 Portal Projectile        Hex/Tloc       54%        N/A       3%          3
 Summon Guardian Golem    Hex/Summ       27%        N/A       3%          3
 Passwall                 Tmut/Erth      16%        N/A       5%          2
 Summon Ice Beast         Ice/Summ       31%        N/A       7%          4
 Blade Hands              Tmut           18%        N/A       10%         5
 Fulminant Prism          Conj/Hex       13%        3d9       12%         4
 Leda's Liquefaction      Hex/Erth       13%        N/A       12%         4
 Ozocubu's Refrigeration  Ice            27%        4d10      12%         7
 Ignite Poison            Fire/Tmut/Pois 15%        N/A       22%         3
 Animate Skeleton         Necr           10%        N/A       32%         1
 Foxfire                  Conj/Fire      20%        2x1d5     32%         1
 Magic Dart               Conj           20%        1d4       32%         1
 Pain                     Necr           20%        1d5       32%         1
 Sandblast                Erth           10%        2d5       32%         1
 Summon Small Mammal      Summ           20%        N/A       32%         1
 Petrify                  Tmut/Erth      20%        N/A       34%         4
 Summon Mana Viper        Hex/Summ       27%        N/A       34%         5
 Blink                    Tloc           N/A        N/A       45%         2
 Call Imp                 Summ           5%         N/A       45%         2
 Corpse Rot               Necr/Air       N/A        N/A       45%         2
 Poisonous Vapours        Pois/Air       10%        N/A       45%         2
 Searing Ray              Conj           10%        3d3       45%         2
 Static Discharge         Conj/Air       5%         N/A       45%         2
 Freezing Cloud           Conj/Ice/Air   11%        6-21      56%         5
 Alistair's Intoxication  Tmut/Pois      13%        N/A       67%         5
 Call Canine Familiar     Summ           5%         N/A       69%         3
 Conjure Flame            Conj/Fire      5%         6-21      69%         3
 Gell's Gravitas          Tloc           2%         N/A       69%         3
 Lesser Beckoning         Tloc           2%         N/A       69%         3
 Mephitic Cloud           Conj/Pois/Air  5%         N/A       69%         3
 Stone Arrow              Conj/Erth      10%        3d7       69%         3
 Swiftness                Air            5%         N/A       69%         3
 Teleport Other           Tloc           5%         N/A       69%         3
 Vampiric Draining        Necr           2%         2d6       69%         3
 Animate Armour           Summ/Erth      10%        N/A       97%         4
 Animate Dead             Necr           2%         N/A       97%         4
 Dispel Undead            Necr           5%         3d7       97%         4
 Iskenderun's Mystic Bla  Conj/Tloc      5%         2d3       97%         4
 Olgreb's Toxic Radiance  Pois           5%         N/A       97%         4
 Passage of Golubria      Tloc           N/A        N/A       97%         4
 Sticky Flame             Conj/Fire      5%         2d3       97%         4
 Summon Lightning Spire   Summ/Air       5%         N/A       97%         4
 Dragon Form              Tmut           18%        N/A       97%         7
 Eringya's Noxious Bog    Tmut/Pois      10%        N/A       99%         6
 Statue Form              Tmut/Erth      13%        N/A       99%         6
 Agony                    Necr           5%         N/A       100%        5
 Bolt of Magma            Conj/Fire/Erth 2%         4d4       100%        5
 Borgnjor's Vile Clutch   Necr/Erth      2%         N/A       100%        5
 Iskenderun's Battlesphe  Conj           5%         2d6       100%        5
 Lee's Rapid Deconstruct  Erth           2%         3d6*      100%        5
 Manifold Assault         Tloc           5%         N/A       100%        5
 Summon Forest            Summ/Tloc      2%         N/A       100%        5
 Death Channel            Necr           2%         N/A       100%        6
 Dispersal                Tloc           2%         N/A       100%        6
 Iron Shot                Conj/Erth      2%         9d2       100%        6
 Haunt                    Necr/Summ      2%         N/A       100%        7
 Monstrous Menagerie      Summ           2%         N/A       100%        7
 Orb of Destruction       Conj           2%         9d1       100%        7
 Spellforged Servitor     Conj/Summ      2%         N/A       100%        7
 Storm Form               Tmut/Air       10%        N/A       100%        7
 Summon Hydra             Summ           2%         N/A       100%        7
 Borgnjor's Revivificati  Necr           2%         N/A       100%        8
 Ignition                 Fire           2%         3d3       100%        8
 Infestation              Necr           2%         N/A       100%        8
 Lehudib's Crystal Spear  Conj/Erth      2%         10d2      100%        8
 Maxwell's Capacitive Co  Air            2%         ∞         100%        8
 Necromutation            Tmut/Necr      10%        N/A       100%        8
 Death's Door             Necr           2%         N/A       100%        9
 Dragon's Call            Summ           2%         N/A       100%        9
 Shatter                  Erth           2%         3d6*      100%        9


Dungeon Overview and Level Annotations

Branches:
Dungeon (15/15)            Temple (0/1) D:4            Lair (6/6) D:8
  Swamp (4/4) Lair:4        Snake (4/4) Lair:3        Slime (5/5) Lair:6
    Orc (2/2) D:12            Elf (3/3) Orc:2        Vaults (5/5) D:14
  Crypt (3/3) Vaults:3       Tomb (1/3) Crypt:3      Depths (5/5) D:15
    Zot (2/5) Depths:5      Sewer (visited)           IceCv (visited)

Altars:
Elyvilon
Hepliaklqana
Kikubaaqudgha
Nemelex Xobeh
Okawaru
Sif Muna
Trog
Xom
Yredelemnul
Zin
The Shining One
Beogh
Jiyva

Shops:
D:5 *=   Orc:2 =*[(=   Elf:1 (   Snake:1 [(![   Snake:2 [[:   Snake:4 =::
Vaults:2 :   Vaults:5 !:   Depths:4 *

Portals:
Hell: Depths:1 Depths:2 Depths:3 Depths:4 Depths:5
Abyss: Depths:1 Depths:4
Pandemonium: Depths:2 Depths:3 Depths:4
Ziggurat: Depths:1
Trove: Elf:3 (give 17 potions of curing)

Annotations:
Elf:2 1 runed translucent door
Zot:2 8 runed translucent doors


Innate Abilities, Weirdness & Mutations

Your life essence is reduced to manifest your ancestor. (-10% HP)
((You are quick and stealthy near water. (Stealth+, EV+, Speed+++)))
Your lower body shifts to a powerful aquatic tail in water.
You tend to lose your temper in combat.
Your body sometimes deteriorates upon taking damage.
You are dopey. (Int -2)
Your magical capacity is low. (-10% MP)
You are resistant to electric shocks. (rElec)


Message History

* * * LOW HITPOINT WARNING * * *
The wall burns your +8 spectral bardiche!
You feel much better. The acid blob hits you.
* * * LOW HITPOINT WARNING * * *
You are splashed with acid.
You resist.
* * * LOW HITPOINT WARNING * * *
The acid blob spits acid at you.
The splash of acid hits you but does no damage.
You are splashed with acid.
You resist.
* * * LOW HITPOINT WARNING * * *
The acid blob barely misses you.
The quicksilver ooze jiggles.
The azure jelly hits the rockslime but does no damage. x4
The acid blob hits you!
* * * LOW HITPOINT WARNING * * *
You are splashed with acid.
You resist.
* * * LOW HITPOINT WARNING * * *
The acid blob hits you but does no damage.
You hit the acid blob.
Your hands burn!
* * * LOW HITPOINT WARNING * * *
The acid blob is almost dead.
Your +8 spectral bardiche hits the acid blob from afar!!
You kill the acid blob!
That felt strangely unrewarding.
The acid blob spits acid at you. The splash of acid hits you. You resist.
* * * LOW HITPOINT WARNING * * *
You are splashed with acid.
You resist.
* * * LOW HITPOINT WARNING * * *
The quicksilver ooze barely misses you. The quicksilver ooze misses you.
The rockslime hits the azure jelly!!
The azure jelly is shoved backwards!
Something completely misses the rockslime.
Something hits the rockslime but does no damage. x3
You swap places.
You are splashed with acid!
You resist.
* * * LOW HITPOINT WARNING * * *
The quicksilver ooze jiggles.
The acid blob hits you!
* * * LOW HITPOINT WARNING * * *
You are splashed with acid.
You resist.
You die...

.# ## ...##..
....... ........#
............##
.............#
...........§§##
.........J...§J@#
.........J...JJJ##
.............JJJ.#
........J........#
........J........##
J.................#
..................#
........J.......###
................#


You could see 3 acid blobs, 2 slime creatures, 3 rockslimes and 4 quicksilver
oozes.

Vanquished Creatures
  An ancient lich (Vaults:5)
  Mara (Vaults:5)
  2 juggernauts (Depths:4)
  2 royal mummies (Tomb:1)
  5 Killer Klowns (Zot:2)
  Vashnia (Snake:3)
  Saint Roka (Snake:3)
  Xtahua (Depths:5)
  2 curse toes (Zot:1)
  A caustic shrike (Depths:3)
  Nikola (Elf:2)
  5 golden dragons
  A profane servitor (Crypt:3)
  Jory (Vaults:4)
  A bone dragon (Crypt:3)
  An electric golem (Zot:2)
  Jorgrun (D:13)
  Asterion (Elf:2)
  5 liches
  14 tentacled monstrosities
  2 deep elf blademasters (Elf:3)
  A deep elf master archer (Elf:3)
  3 titans
  10 acid blobs
  4 quicksilver dragons
  5 ancient champions
  Kirke (D:13)
  12 sphinxes
  Agnes (D:14)
  A death cob (Zot:1)
  A draconian monk (Depths:5)
  12 shadow dragons
  10 tengu reavers
  2 storm dragons
  Roxanne (Snake:4)
  10 rockslimes
  3 revenants
  3 nagarajas (Snake:4)
  Donald (Snake:2)
  7 fire giants
  A fenstrider witch (Swamp:3)
  2 draconian knights
  2 draconian shifters
  10 azure jellies
  A draconian scorcher (Zot:2)
  5 frost giants
  3 ghost moths
  Aizul (Snake:2)
  21 vault wardens
  2 orc warlords
  A curse skull (Crypt:3)
  A deep elf sorcerer (Elf:3)
  4 deep elf elementalists (Elf:3)
  2 balrugs
  20 very ugly things
  A draconian annihilator (Depths:5)
  The ghost of Jacimip the Whirler, a journeyman HaHu of Okawaru (Swamp:4)
  2 ghouls
  20 stone giants
  15 ironbound preservers
  11 quicksilver oozes
  8 war gargoyles
  2 bennus (Tomb:1)
  7 vampire knights
  7 deep elf demonologists
  3 green draconians
  3 white draconians
  5 deep elf annihilators
  A black draconian (Depths:5)
  2 grey draconians (Depths:5)
  An entropy weaver (Vaults:2)
  A white draconian (shapeshifter) (Zot:1)
  3 purple draconians
  3 bunyips
  The ghost of Munclebunn the Grappler, a journeyman TrTm of Makhleb (Lair:2)
  A yellow draconian (shapeshifter) (Zot:1)
  4 spark wasps
  A red draconian (Zot:1)
  A purple draconian (shapeshifter) (Zot:1)
  The ghost of Houndtax the Summoner, a journeyman NaSu of Cheibriados (Lair:4)
  A dire elephant (Vaults:3)
  22 jiangshi
  8 deep elf death magi
  3 eidola
  17 ettins
  2 shambling mangroves
  3 eleionomae
  5 fire dragons
  2 green deaths (Swamp:4)
  6 mummy priests (Tomb:1)
  15 crystal guardians
  5 deep elf high priests
  A great orb of eyes (shapeshifter) (Depths:2)
  The ghost of Xyudeake the Devastator, a journeyman DEFE of Vehumet (Lair:4)
  4 boulder beetles
  31 vault guards
  13 great orbs of eyes
  9 yaktaur captains
  5 rakshasas
  13 hydras
  5 ice dragons
  4 ironbound thunderhulks
  A boulder beetle (shapeshifter) (Vaults:5)
  12 naga warriors
  5 peacekeepers
  9 death knights
  3 spriggan air magi
  10 ghost crabs
  A hell beast (Swamp:4)
  4 centaur warriors
  2 salamander tyrants (Snake:4)
  A merfolk avatar (Lair:6)
  A fenstrider witch skeleton (Crypt:2)
  7 ironbound frosthearts
  10 alligators
  8 anacondas
  The ghost of Fuzxylutt the Frost Mage, a journeyman FeIE of Vehumet (Lair:4)
  24 dancing weapons
  8 two-headed ogres
  4 death yaks (Lair:6)
  6 deep troll earth magi
  3 ironbound beastmasters
  4 spriggan berserkers
  3 deep troll shamans
  An orc high priest (Orc:1)
  6 tengu warriors
  A titan zombie (Crypt:1)
  7 vampire magi
  A shock serpent (shapeshifter) (Zot:1)
  A thrashing horror (Swamp:4)
  The ghost of Ejasa the Destroyer, a journeyman DECj of Vehumet (Lair:4)
  10 shock serpents
  3 soul eaters (Crypt:2)
  8 hell knights
  2 sun demons
  4 shadow wraiths (Crypt:3)
  9 deep elf knights
  19 naga sharpshooters
  29 skeletal warriors
  A titan skeleton (Crypt:1)
  8 iron trolls
  2 death drakes
  A fire crab (shapeshifter) (D:13)
  4 salamander mystics
  7 goliath frogs
  48 deep trolls
  10 swamp dragons
  A glowing orange brain (shapeshifter) (Zot:1)
  4 glowing orange brains
  4 naga ritualists
  2 orange crystal statues
  A spectral hydra (Crypt:3)
  8 bog bodies
  5 flayed ghosts
  6 spriggan druids
  14 phantasmal warriors
  21 ironbound convokers
  An obsidian statue (Vaults:4)
  7 wizards
  A hexer (Slime:5)
  11 deep elf archers
  A shadow dragon zombie (Tomb:1)
  4 harpies (Vaults:1)
  29 deep elf pyromancers
  A spectral wolf spider (Crypt:3)
  7 necromancers
  4 orc sorcerers
  A wolf spider (Vaults:5)
  An orb spider (Zot:1)
  6 lindwurms
  3 shining eyes (Slime:3)
  22 deep elf zephyrmancers
  4 cyclopes
  11 mana vipers
  An oklob plant (Lair:1)
  5 manticores
  59 ugly things
  14 moths of wrath
  8 salamanders
  2 orc knights
  A wolf spider (shapeshifter) (Vaults:5)
  A manticore (shapeshifter) (Vaults:1)
  2 frost giant zombies
  A will-o-the-wisp (Swamp:2)
  A shining eye (shapeshifter) (Vaults:5)
  An elephant (Lair:6)
  42 black mambas
  A human skeleton (Vaults:3)
  18 vault sentinels
  2 eyes of devastation (Slime:5)
  A torpor snail (Lair:6)
  3 orange demons (Swamp:4)
  3 guardian serpents
  2 stone giant skeletons
  A black mamba (shapeshifter) (Elf:1)
  15 naga magi
  3 apocalypse crabs (Swamp:2)
  A smoke demon (Depths:3)
  19 cane toads
  A pale draconian zombie (Crypt:2)
  2 anaconda simulacra (IceCv)
  3 kobold demonologists (D:11)
  2 rime drakes
  11 komodo dragons
  15 freezing wraiths
  4 unseen horrors
  37 yaktaurs
  3 tengu conjurers
  A hydra zombie (Crypt:1)
  3 harpy zombies (Zot:1)
  9 trolls
  A catoblepas skeleton (Crypt:1)
  16 guardian mummies
  2 bloated husks
  4 polar bears
  15 hornets
  3 meliai (D:15)
  A polar bear (shapeshifter) (Vaults:5)
  2 wind drakes (Lair:6)
  A jumping spider (shapeshifter) (Elf:3)
  Grinder (D:4)
  8 tyrant leeches
  80 slime creatures
  A hydra skeleton (Crypt:2)
  A slime creature (shapeshifter) (Vaults:5)
  A wind drake (shapeshifter) (D:14)
  6 raiju (Zot:1)
  A blink frog (shapeshifter) (Vaults:5)
  A human simulacrum (Vaults:3)
  5 blink frogs (Lair:1)
  A dream sheep (shapeshifter) (Vaults:5)
  7 dream sheep (Lair:5)
  2 snapping turtles (Lair:6)
  An ettin skeleton (Crypt:2)
  6 large abominations
  A vampire (D:13)
  15 spriggans
  54 flying skulls
  A centaur simulacrum (D:15)
  10 wyverns
  An ice dragon skeleton (Crypt:1)
  3 shadows
  3 air elementals
  6 ushabtiu (Tomb:1)
  5 water elementals
  2 hogs (D:13)
  12 wraiths
  32 yaks
  A fire elemental (Elf:1)
  A wyvern (shapeshifter) (Vaults:5)
  5 basilisks
  5 chaos spawn (Depths:1)
  An elf skeleton (Vaults:3)
  2 steam dragons
  10 golden eyes
  8 vampire mosquitoes
  51 nagas
  2 wargs
  An acid dragon (D:14)
  11 swamp worms
  A floating eye (shapeshifter) (D:14)
  8 small abominations
  Duvessa (D:6)
  A hydra simulacrum (IceCv)
  2 black bears (Lair:4)
  35 orc warriors
  17 water moccasins
  A gelid demonspawn skeleton (Crypt:1)
  A hornet zombie (D:7)
  An elephant zombie (Crypt:2)
  5 necrophages
  An ettin simulacrum (IceCv)
  11 ogres
  4 boggarts
  5 centaurs
  11 wolves
  A torpor snail zombie (Crypt:1)
  A snapping turtle skeleton (Tomb:1)
  3 phantoms
  A yaktaur zombie (Crypt:1)
  16 bullfrogs
  3 kobold brigands
  2 scorpions
  A cane toad simulacrum (Crypt:1)
  2 earth elementals
  A komodo dragon skeleton (Crypt:1)
  A water moccasin zombie (D:5)
  Dowan (D:6)
  16 killer bees
  A spriggan skeleton (Crypt:2)
  6 electric eels (Lair:4)
  5 howler monkeys
  5 centaur zombies
  5 hounds
  5 jellies
  21 orc priests
  2 bullfrog skeletons
  A gnoll shaman (D:8)
  A black bear skeleton (Crypt:2)
  A demonspawn skeleton (Crypt:1)
  31 orc wizards
  Natasha (twice) (D:2)
  A scorpion zombie (Crypt:2)
  5 hell rats (Lair:3)
  A hound zombie (Crypt:1)
  A hound skeleton (D:5)
  10 mummies (Tomb:1)
  2 howler monkey zombies
  10 gnolls
  7 adders
  6 river rats
  A shadow imp (D:6)
  A white imp (D:8)
  3 ufetubi
  4 worms
  A barachi zombie (Crypt:2)
  4 dart slugs
  92 orcs
  8 ball pythons
  5 bats
  4 endoplasms
  4 giant cockroaches
  11 goblins
  10 hobgoblins
  6 iguanas
  4 jackals (D:4)
  5 quokkas
  3 frilled lizards
  38 kobolds
  An orc zombie (Crypt:2)
  25 rats
  A rat skeleton (Crypt:1)
2206 creatures vanquished.

Vanquished Creatures (collateral kills)
  the Royal Jelly (Slime:5)
  A Killer Klown (Zot:2)
  the Lernaean hydra (Swamp:4)
  A golden dragon (Zot:2)
  3 tentacled monstrosities
  2 acid blobs (Slime:5)
  A quicksilver dragon (Vaults:4)
  A deep elf master archer (Elf:3)
  A sphinx (Vaults:3)
  A revenant (Crypt:1)
  A nagaraja (Snake:4)
  2 fire giants
  3 azure jellies
  A deep elf sorcerer (Elf:3)
  A draconian shifter (Zot:2)
  2 very ugly things
  3 ironbound preservers
  A ghoul (Crypt:1)
  2 quicksilver oozes
  3 stone giants
  A deep elf demonologist (Elf:3)
  2 deep elf annihilators
  A white draconian (Zot:2)
  An ettin (Depths:4)
  A crystal guardian (Depths:2)
  A yaktaur captain (Vaults:2)
  Josephine (Lair:6)
  A great orb of eyes (Vaults:2)
  2 deep elf high priests
  5 hydras
  6 vault guards
  A boulder beetle (D:13)
  A peacekeeper (Vaults:3)
  3 naga warriors (Snake:4)
  An ogre mage (D:15)
  A death knight (Crypt:3)
  2 anacondas
  2 death yaks (Lair:6)
  2 two-headed ogres
  A centaur warrior (Vaults:1)
  4 dancing weapons (Elf:2)
  An ironbound beastmaster (Vaults:3)
  A tengu warrior (Depths:3)
  A hell knight (Crypt:3)
  A storm dragon zombie (Crypt:2)
  2 skeletal warriors
  3 deep elf knights (Elf:3)
  A death drake (Swamp:4)
  5 deep trolls
  2 naga ritualists
  A lindwurm (Vaults:2)
  A swamp dragon (Swamp:3)
  A phantasmal warrior (Vaults:5)
  3 ironbound convokers
  A wizard (Vaults:3)
  A deep elf archer (Elf:3)
  5 deep elf pyromancers
  A mana viper (Snake:4)
  3 deep elf zephyrmancers
  An orc sorcerer (Orc:1)
  A will-o-the-wisp (Swamp:4)
  6 ugly things
  A manticore (D:11)
  An elephant (shapeshifter) (Depths:5)
  An elephant (Lair:6)
  3 black mambas
  An orange demon (Swamp:4)
  3 cane toads
  2 yaktaurs (Vaults:2)
  An unseen horror (D:12)
  A freezing wraith (Crypt:1)
  2 guardian mummies
  A troll (Orc:1)
  A slime creature (Vaults:1)
  2 shadows
  Sigmund (D:6)
  A wraith (Lair:6)
  6 flying skulls
  A spriggan (shapeshifter) (Vaults:4)
  A vampire (D:12)
  A water elemental (Elf:2)
  4 yaks
  2 dire elephant simulacra (IceCv)
  An ushabti (Tomb:1)
  A wyvern (Lair:3)
  A fire elemental (Elf:2)
  3 basilisks
  A harpy simulacrum (IceCv)
  3 nagas (Snake:4)
  A swamp worm (Lair:3)
  A swamp worm (shapeshifter) (Vaults:1)
  4 water moccasins
  A swamp drake (Swamp:1)
  An orc warrior (Orc:2)
  A wolf (Lair:6)
  An alligator simulacrum (IceCv)
  A boggart (D:14)
  A bullfrog (Lair:2)
  A killer bee (D:10)
  2 howler monkeys (D:7)
  An electric eel (Lair:4)
  A centaur zombie (D:9)
  A gnoll shaman (D:6)
  An orc priest (Orc:1)
  2 orc wizards
  A gnoll (D:6)
  10 orcs
  3 kobolds (D:9)
  A butterfly (Zot:2)
197 creatures vanquished.

Vanquished Creatures (others)
  A deep elf sorcerer (Elf:2)
  A great orb of eyes (Depths:1)
  A spriggan druid (Swamp:2)
  A deep troll (Depths:2)
  A deep elf pyromancer (Elf:2)
  A deep elf zephyrmancer (Elf:2)
  A tyrant leech (Swamp:3)
  2 dancing weapons
  An orc priest (Orc:1)
  63 hexers
  An orc wizard (Snake:3)
  An ancestor (D:8)
  2 orcs (Snake:3)
  4 foxfires (Swamp:4)
  50 fungi
  128 plants
259 creatures vanquished.

Grand Total: 2662 creatures vanquished

Notes
Turn   | Place    | Note
-------+----------+-------------------------------------------
     0 | D:1      | Naeght the Merfolk Gladiator began the quest for the Orb.
     0 | D:1      | Reached XP level 1. HP: 16/16 MP: 1/1
    23 | D:1      | Got the Compendium of the Voyage and Heat
   290 | D:1      | Reached XP level 2. HP: 22/22 MP: 2/2
   584 | D:1      | Reached skill level 5 in Polearms
   897 | D:1      | Reached XP level 3. HP: 28/28 MP: 3/3
  1450 | D:2      | Noticed Natasha
  1459 | D:2      | Killed Natasha
  1460 | D:2      | Reached skill level 1 in Stealth
  1460 | D:2      | Reached XP level 4. HP: 22/34 MP: 4/4
  1664 | D:2      | Found a faded altar of an unknown god.
  1824 | D:2      | Noticed Natasha
  1831 | D:2      | Killed Natasha
  2226 | D:3      | Found a glowing golden altar of the Shining One.
  2269 | D:3      | Reached XP level 5. HP: 30/40 MP: 5/5
  2346 | D:3      | Found a shimmering altar of Xom.
  2356 | D:3      | Reached skill level 1 in Armour
  2811 | D:4      | Reached skill level 5 in Dodging
  2888 | D:4      | Noticed Grinder
  2900 | D:4      | Killed Grinder
  2901 | D:4      | Reached XP level 6. HP: 24/47 MP: 6/6
  2946 | D:4      | Found a hazy altar of Hepliaklqana.
  3001 | D:4      | Noticed a necrophage
  3022 | D:4      | Killed a necrophage
  3023 | D:4      | Reached XP level 7. HP: 19/52 MP: 7/7
  3272 | D:4      | Found a glowing drain.
  3281 | Sewer    | Entered a sewer
  4453 | D:4      | Found a staircase to the Ecumenical Temple.
  4544 | D:4      | Became a worshipper of Hepliaklqana the Forgotten
  4579 | D:5      | Entered Level 5 of the Dungeon
  4586 | D:5      | Found a white marble altar of Elyvilon.
  4651 | D:5      | Reached XP level 8. HP: 61/61 MP: 8/8
  4780 | D:5      | HP: 3/61 [orc priest/divine providence (13)]
  4788 | D:5      | Found Faytappi's Neck Hole.
  5358 | D:5      | Reached skill level 10 in Polearms
  5384 | D:5      | Reached skill level 5 in Fighting
  5808 | D:5      | Found Nuedeam's Jewellery Emporium.
  5993 | D:6      | Found a glowing silver altar of Zin.
  5998 | D:6      | You fall into a shaft and drop 2 floors!
  6196 | D:7      | Reached * piety under Hepliaklqana
  6206 | D:7      | Reached XP level 9. HP: 62/62 MP: 9/9
  7191 | D:8      | Found an iron altar of Okawaru.
  7670 | D:6      | Noticed Dowan
  7673 | D:6      | Identified the amulet of Jymnuot {Spirit rElec Int+2}
  7682 | D:6      | Killed Dowan
  7700 | D:6      | Noticed Duvessa
  7719 | D:6      | Killed Duvessa
  8096 | D:6      | Reached ** piety under Hepliaklqana
  8110 | D:6      | Remembered your ancestor Appia as a hexer
  8288 | D:6      | Learned a level 1 spell: Corona
  8660 | D:6      | Noticed Sigmund
  8675 | D:6      | Killed Sigmund
  8676 | D:6      | Reached XP level 10. HP: 71/71 MP: 10/10
  8843 | D:8      | Found a staircase to the Lair.
  8853 | D:8      | Paralysed by a hornet for 3 turns
  9364 | D:8      | You fall into a shaft and drop 3 floors!
  9452 | D:11     | Noticed a manticore
  9476 | D:11     | Killed a manticore
  9571 | D:11     | Noticed a deep elf knight
  9574 | D:11     | Noticed a kobold demonologist
  9575 | D:11     | Found a transporter.
  9603 | D:10     | Entered Level 10 of the Dungeon
  9679 | D:10     | Reached skill level 10 in Dodging
  9718 | D:9      | Noticed a two-headed ogre
  9740 | D:9      | Killed a two-headed ogre
 10159 | D:9      | Noticed a cyan ugly thing
 10460 | D:9      | Killed a cyan ugly thing
 10461 | D:9      | Reached skill level 1 in Spellcasting
 10461 | D:9      | Reached skill level 1 in Hexes
 10517 | D:9      | Reached XP level 11. HP: 73/80 MP: 13/13
 10822 | Lair:1   | Entered Level 1 of the Lair of Beasts
 10854 | Lair:1   | Reached *** piety under Hepliaklqana
 10870 | Lair:1   | Identified a scroll of acquirement
 10881 | Lair:1   | Acquired the +7 bardiche "Kiom" {drain, rC+}
 10887 | Lair:1   | Learned a level 3 spell: Tukima's Dance
 11085 | Lair:1   | Reached skill level 15 in Polearms
 11309 | Lair:1   | Reached skill level 10 in Fighting
 11756 | Lair:1   | Noticed an oklob plant
 11768 | Lair:1   | Killed an oklob plant
 12191 | Lair:2   | Found a runed translucent gate.
 12191 | Lair:2   | Found a runed translucent gate.
 12192 | Lair:2   | Noticed a four-headed hydra
 12194 | Lair:2   | Noticed Munclebunn's ghost (journeyman TrTm)
 12351 | Lair:2   | Found a runed translucent gate.
 12448 | Lair:2   | Reached XP level 12. HP: 78/88 MP: 15/17
 12701 | Lair:2   | Reached **** piety under Hepliaklqana
 12907 | Lair:2   | Noticed a six-headed hydra
 12912 | Lair:2   | Killed a nine-headed hydra
 12913 | Lair:2   | Reached skill level 5 in Hexes
 13591 | Lair:3   | Found a staircase to the Snake Pit.
 13954 | Lair:3   | Reached skill level 5 in Spellcasting
 14672 | Lair:4   | Noticed a six-headed hydra
 14675 | Lair:4   | Noticed a five-headed hydra
 14740 | Lair:4   | Reached ***** piety under Hepliaklqana
 14740 | Lair:4   | Found a runed translucent gate.
 14740 | Lair:4   | Found a runed translucent gate.
 14740 | Lair:4   | Found a runed translucent gate.
 14918 | Lair:4   | Reached skill level 1 in Invocations
 15215 | Lair:2   | Killed a four-headed hydra
 15227 | Lair:2   | Killed Munclebunn's ghost
 15643 | Lair:4   | Noticed Ejasa's ghost (journeyman DECj)
 15643 | Lair:4   | Noticed Fuzxylutt's ghost (journeyman FeIE)
 15643 | Lair:4   | Noticed Xyudeake's ghost (journeyman DEFE)
 15643 | Lair:4   | Noticed Houndtax's ghost (journeyman NaSu)
 15699 | Lair:4   | Killed Xyudeake's ghost
 16503 | D:9      | Reached XP level 13. HP: 95/95 MP: 20/20
 18373 | D:10     | Found a bloodstained altar of Trog.
 18684 | D:11     | Found a transporter.
 19039 | D:12     | Found a staircase to the Orcish Mines.
 19988 | Lair:4   | Killed Fuzxylutt's ghost
 19994 | Lair:4   | Killed Ejasa's ghost
 19995 | Lair:4   | Reached skill level 5 in Invocations
 20003 | Lair:4   | Killed Houndtax's ghost
 20284 | Lair:4   | Got the Papyrus of Sinister Secrets
 20684 | Lair:4   | Found a staircase to the Swamp.
 21147 | Lair:5   | Reached XP level 14. HP: 102/102 MP: 19/21
 21430 | Lair:5   | You fall into a shaft and drop 1 floor!
 21430 | Lair:6   | Entered Level 6 of the Lair of Beasts
 21430 | Lair:6   | Found a staircase to the Slime Pits.
 21898 | Lair:5   | Identified the +3 leather armour of the Minstrel {Harm rF+
                  | Will+ Dex+3}
 21946 | Lair:5   | Reached ****** piety under Hepliaklqana
 23127 | Lair:6   | Noticed Josephine
 23134 | Lair:6   | Killed Josephine
 23250 | Lair:6   | Reached skill level 10 in Invocations
 25348 | D:12     | Acquired a manual of Polearms
 25367 | D:12     | Found a sparkling altar of Nemelex Xobeh.
 25409 | D:12     | Reached XP level 15. HP: 108/108 MP: 24/24
 25992 | D:13     | Noticed Jorgrun
 26001 | D:13     | Killed Jorgrun
 26145 | D:13     | You fall into a shaft and drop 1 floor!
 26187 | D:14     | Noticed Agnes
 26194 | D:14     | Killed Agnes
 27434 | D:14     | Found a gate to the Vaults.
 27966 | D:13     | Noticed Kirke
 27975 | D:13     | Killed Kirke
 28368 | Orc:1    | Entered Level 1 of the Orcish Mines
 28371 | Orc:2    | Entered Level 2 of the Orcish Mines
 28763 | Orc:1    | Noticed an orc warlord
 29121 | Orc:2    | Found Ruotoc's General Store.
 29477 | Orc:2    | Found a staircase to the Elven Halls.
 29796 | Orc:2    | Found Kahidas's Jewellery Boutique.
 29803 | Orc:2    | Bought a ring of willpower for 300 gold pieces
 29981 | Orc:2    | Noticed an orc warlord
 30010 | Orc:2    | Killed an orc warlord
 30111 | Orc:2    | Found Simesuecku's Antique Armour Emporium.
 30113 | Orc:2    | Found Eless's Antique Weapon Shoppe.
 30176 | Orc:2    | Reached XP level 16. HP: 116/116 MP: 26/26
 30179 | Orc:2    | Found Raitec Avvo's Jewellery Shop.
 31007 | D:11     | Gained mutation: You are frail. (-10% HP) [a neqoxec]
 31680 | Snake:1  | Entered Level 1 of the Snake Pit
 31717 | Snake:1  | Lost mutation: You are frail. (-10% HP) [potion of
                  | mutation]
 31717 | Snake:1  | Gained mutation: You possess an exceptional clarity of
                  | mind. [potion of mutation]
 31717 | Snake:1  | Gained mutation: You are frail. (-10% HP) [potion of
                  | mutation]
 31718 | Snake:1  | Lost mutation: You are frail. (-10% HP) [potion of
                  | mutation]
 31718 | Snake:1  | Lost mutation: You possess an exceptional clarity of mind.
                  | [potion of mutation]
 31718 | Snake:1  | Gained mutation: You tend to lose your temper in combat.
                  | [potion of mutation]
 31719 | Snake:1  | Lost mutation: You tend to lose your temper in combat.
                  | [potion of mutation]
 31719 | Snake:1  | Gained mutation: You possess an exceptional clarity of
                  | mind. [potion of mutation]
 31719 | Snake:1  | Gained mutation: You are resistant to electric shocks.
                  | (rElec) [potion of mutation]
 32010 | Snake:1  | Reached skill level 15 in Dodging
 32161 | Snake:1  | Found Nimuull's Armour Shoppe.
 32172 | Snake:1  | Found Irhou's Distillery.
 32172 | Snake:1  | Found Beqajai's Weapon Emporium.
 32178 | Snake:1  | Found Gigepe's Antique Armour Emporium.
 32203 | Snake:1  | Bought a shiny helmet for 240 gold pieces
 32246 | Snake:1  | Found a shimmering blue altar of Sif Muna.
 32738 | Snake:2  | Learned a level 5 spell: Yara's Violent Unravelling
 32745 | Snake:2  | Found Jaemmust's Book Shop.
 32747 | Snake:2  | Found Qoejokk's Armour Boutique.
 32749 | Snake:2  | Found Sumores's Armour Shop.
 32885 | Snake:2  | Found a frozen archway.
 32885 | Snake:2  | Noticed an azure jelly
 32893 | Snake:2  | Killed an azure jelly
 32903 | IceCv    | Entered an ice cave
 32908 | IceCv    | Found a transporter.
 32918 | IceCv    | HP: 4/118 [harpy simulacrum (5)]
 32922 | IceCv    | Found a transporter.
 33413 | Snake:2  | Noticed Aizul
 33428 | Snake:2  | Killed Aizul
 33732 | Snake:2  | Found a sparkling altar of Nemelex Xobeh.
 33866 | Snake:1  | Bought a potion of invisibility for 104 gold pieces
 33866 | Snake:1  | Bought a potion of curing for 39 gold pieces
 33866 | Snake:1  | Bought a potion of flight for 39 gold pieces
 33866 | Snake:1  | Bought a potion of might for 52 gold pieces
 33866 | Snake:1  | Bought a potion of curing for 39 gold pieces
 33866 | Snake:1  | Bought a potion of heal wounds for 65 gold pieces
 33866 | Snake:1  | Bought a potion of resistance for 130 gold pieces
 34237 | Snake:2  | Noticed Donald
 34244 | Snake:2  | Killed Donald
 34781 | Snake:1  | Bought a scarf of resistance for 576 gold pieces
 34983 | Snake:3  | Reached skill level 15 in Fighting
 35007 | Snake:3  | Reached XP level 17. HP: 84/127 MP: 21/27
 35177 | Snake:3  | Noticed Saint Roka
 36282 | Snake:3  | Killed Saint Roka
 37083 | Snake:3  | Identified the +7 shortbow "Fevegiak" {freeze, Will+}
 37493 | Snake:3  | Noticed Vashnia
 37826 | Snake:3  | Killed Vashnia
 38822 | Snake:4  | Entered Level 4 of the Snake Pit
 39928 | Snake:4  | Noticed Roxanne
 39945 | Snake:4  | Found Sollorr's Jewellery Shop.
 39945 | Snake:4  | Found Rikhlum's Book Emporium.
 39946 | Snake:4  | Found Ysesejib's Book Emporium.
 40288 | Snake:2  | Bought Ozocubu's Autobiography for 288 gold pieces
 40292 | Snake:2  | Learned a level 3 spell: Ozocubu's Armour
 40426 | Snake:4  | Reached skill level 1 in Ice Magic
 40441 | Snake:4  | Reached XP level 18. HP: 91/139 MP: 18/28
 40897 | Snake:4  | Learned a level 3 spell: Frozen Ramparts
 41029 | Snake:4  | Killed Roxanne
 41030 | Snake:4  | Reached skill level 1 in Transmutations
 41685 | Snake:4  | Identified the +3 tower shield "Kihorr" {rC+ Str+7}
 41730 | Snake:4  | Reached skill level 5 in Ice Magic
 42169 | Snake:4  | Reached skill level 5 in Transmutations
 42555 | Snake:4  | Got a serpentine rune of Zot
 42964 | Swamp:1  | Entered Level 1 of the Swamp
 45003 | Swamp:2  | Found a runed translucent door.
 45571 | Swamp:2  | Reached skill level 10 in Transmutations
 45571 | Swamp:2  | Reached XP level 19. HP: 144/144 MP: 29/29
 45572 | Swamp:2  | Reached XP level 20. HP: 151/151 MP: 29/31
 46722 | Swamp:3  | Reached XP level 21. HP: 122/158 MP: 32/32
 47157 | Swamp:4  | Entered Level 4 of the Swamp
 47507 | Swamp:4  | Found a runed translucent door.
 48007 | Swamp:4  | Noticed Jacimip's ghost (journeyman HaHu)
 48030 | Swamp:4  | Killed Jacimip's ghost
 48040 | Swamp:4  | Got the Compendium of Stones and Dislocation
 48207 | Swamp:4  | Reached skill level 10 in Hexes
 48333 | Swamp:4  | Noticed the 27-headed Lernaean hydra
 48752 | Swamp:4  | Killed the 27-headed Lernaean hydra
 48893 | Swamp:4  | Got a decaying rune of Zot
 49189 | Elf:1    | Entered Level 1 of the Elven Halls
 49244 | Elf:1    | Paralysed by an air elemental for 1 turns
 49363 | Elf:1    | Found Tuuzxur's Antique Weapon Boutique.
 50035 | Elf:1    | Paralysed by an air elemental for 1 turns
 50144 | Elf:1    | Reached skill level 5 in Stealth
 50149 | Elf:1    | Identified the +4 chain mail of Coakadwuh {Will+}
 50488 | Elf:2    | Found a flickering gateway to a bazaar.
 50513 | Bazaar   | Entered a bazaar
 50514 | Bazaar   | Found Qalan's Armour Shoppe.
 50522 | Bazaar   | Found Vueh Guoc's Assorted Antiques.
 50530 | Bazaar   | Acquired 1054 gold pieces
 50539 | Bazaar   | Found Peysuir's Distillery.
 50544 | Bazaar   | Found Jokkirch's Assorted Antiques.
 50545 | Bazaar   | Found Boidyal's Antique Armour Boutique.
 50547 | Bazaar   | Bought a potion of mutation for 72 gold pieces
 50547 | Bazaar   | Bought a potion of haste for 90 gold pieces
 50616 | Bazaar   | Bought a scroll of acquirement for 1404 gold pieces
 50616 | Bazaar   | Acquired 792 gold pieces
 50637 | Bazaar   | Bought a potion of flight for 27 gold pieces
 50660 | Bazaar   | Bought the +0 mask of the Dragon {Will+ Slay+3 SInv} for
                  | 634 gold pieces
 50660 | Bazaar   | Found the +0 mask of the Dragon {Will+ Slay+3 SInv}
 50682 | Bazaar   | Bought a potion of brilliance for 36 gold pieces
 50682 | Bazaar   | Bought a potion of curing for 27 gold pieces
 50682 | Bazaar   | Bought a potion of brilliance for 36 gold pieces
 50682 | Bazaar   | Bought a potion of curing for 27 gold pieces
 50834 | Elf:2    | Identified the +0 cloak of Springtime {rC- Int-3 Dex+8
                  | Stlth+}
 51226 | Elf:2    | Identified the -4 helmet "Moattumm" {Int+3 Dex+4}
 51376 | Elf:2    | Found a runed translucent door.
 51409 | Elf:2    | Found a runed translucent door.
 51424 | Elf:2    | Noticed Nikola
 51433 | Elf:2    | Killed Nikola
 51957 | Elf:2    | Reached XP level 22. HP: 135/169 MP: 33/33
 52213 | Elf:2    | Noticed Asterion
 52224 | Elf:2    | Killed Asterion
 52501 | Elf:3    | Entered Level 3 of the Elven Halls
 53063 | Elf:3    | Found a portal to a secret trove of treasure.
 54244 | Elf:3    | Reached skill level 5 in Armour
 54246 | Elf:3    | Identified the +7 war axe of Extinguishment {flame, Will-
                  | Int+8}
 54256 | Elf:3    | Identified the +8 tower shield of the Sturgeon {rF+}
 54660 | Elf:3    | Lost mutation: You possess an exceptional clarity of mind.
                  | [a neqoxec]
 54668 | Elf:3    | Gained mutation: Your magical capacity is low. (-10% MP) [a
                  | neqoxec]
 54756 | Elf:3    | Identified the +1 chain mail of the Ecumenical Temple
                  | {rElec rPois rC++ Int-3}
 54767 | Elf:3    | Got the Catalogue of Clay
 55200 | D:15     | Entered Level 15 of the Dungeon
 55317 | D:15     | Found a staircase to the Depths.
 56187 | Depths:1 | Entered Level 1 of the Depths
 56379 | Vaults:1 | Entered Level 1 of the Vaults
 56974 | Vaults:1 | Reached XP level 23. HP: 139/178 MP: 17/30
 57507 | Vaults:1 | You fall into a shaft and drop 1 floor!
 58987 | Vaults:2 | Found Tenoj's Book Emporium.
 59256 | Vaults:2 | Identified the +10 long sword "Gilaseuw" {pain, Will+ rCorr
                  | Int-2}
 60908 | Vaults:3 | Reached skill level 15 in Invocations
 61068 | Vaults:3 | Found a staircase to the Crypt.
 61068 | Vaults:3 | Found a basalt altar of Yredelemnul.
 61069 | Vaults:3 | Found an ancient bone altar of Kikubaaqudgha.
 62084 | Vaults:3 | Reached XP level 24. HP: 144/189 MP: 25/31
 63336 | Vaults:4 | Found a transporter.
 63345 | Vaults:4 | Found a transporter.
 64447 | Vaults:4 | Noticed Jory
 64460 | Vaults:4 | Killed Jory
 65511 | Depths:1 | Found a gateway to a ziggurat.
 65535 | Depths:1 | You fall into a shaft and drop 1 floor!
 65884 | Depths:2 | Found a one-way gate leading to the halls of Pandemonium.
 66394 | Depths:1 | Found a one-way gate to the infinite horrors of the Abyss.
 66669 | Depths:1 | Found a gateway to Hell.
 67870 | Depths:2 | Found a glowing golden altar of the Shining One.
 68287 | Depths:2 | Found a shimmering blue altar of Sif Muna.
 68594 | Depths:3 | Reached skill level 27 in Polearms
 68594 | Depths:3 | Reached XP level 25. HP: 196/196 MP: 31/31
 71126 | Depths:4 | Noticed a juggernaut
 71128 | Depths:4 | Noticed a juggernaut
 71141 | Depths:4 | Killed a juggernaut
 71161 | Depths:4 | Killed a juggernaut
 71860 | Depths:4 | Found Ugozxel's Assorted Antiques.
 72646 | Depths:5 | Entered Level 5 of the Depths
 73009 | Depths:5 | Noticed Xtahua
 73267 | Depths:5 | Learned a level 6 spell: Invisibility
 73815 | Depths:5 | Found a bloodstained altar of Trog.
 73992 | Depths:2 | Acquired 908 gold pieces
 73996 | Depths:2 | Acquired the +10 bardiche of Okawaru's Reproof {venom,
                  | Will+ MP+9}
 74215 | Depths:5 | Killed Xtahua
 74314 | Depths:5 | Reached XP level 26. HP: 154/206 MP: 28/31
 74893 | Depths:5 | Found a gate to the Realm of Zot.
 75403 | Crypt:1  | Entered Level 1 of the Crypt
 77384 | Crypt:3  | Entered Level 3 of the Crypt
 77775 | Crypt:3  | Reached skill level 15 in Hexes
 77808 | Crypt:3  | Found an ancient bone altar of Kikubaaqudgha.
 78543 | Crypt:3  | Found a staircase to the Tomb.
 78987 | Crypt:3  | Identified the +3 leather armour "Geupeat" {rPois Slay+3}
 79211 | Crypt:3  | Reached XP level 27. HP: 205/214 MP: 30/31
 79451 | Tomb:1   | Entered Level 1 of the Tomb of the Ancients
 80884 | Snake:2  | Bought a +2 scale mail of positive energy for 324 gold
                  | pieces
 81554 | Tomb:1   | Noticed a royal mummy
 81565 | Tomb:1   | Killed a royal mummy
 81734 | Tomb:1   | Noticed a royal mummy
 81742 | Tomb:1   | Killed a royal mummy
 83780 | Crypt:2  | Identified the +5 chain mail of Noipruok {Rampage rPois rF-
                  | Stlth+}
 84223 | Vaults:4 | Identified the ring "Uwedyere" {rElec AC+4 Int+4}
 84232 | Vaults:4 | Got the Papyrus of Nocuous Darkness
 84287 | Vaults:5 | Entered Level 5 of the Vaults
 84483 | Vaults:5 | Reached skill level 10 in Ice Magic
 84591 | Vaults:5 | Noticed Mara
 85014 | Vaults:5 | Noticed Naeght's illusion
 85019 | Vaults:5 | Killed Mara
 85307 | Vaults:5 | Got a silver rune of Zot
 85811 | Vaults:5 | Reached skill level 27 in Dodging
 86305 | Vaults:5 | Found Qiczag's Distillery.
 86310 | Vaults:5 | Identified the +0 robe of the Gusle {Int+2 Dex-4 Stlth+}
 86322 | Vaults:5 | Bought a potion of cancellation for 152 gold pieces
 86322 | Vaults:5 | Bought a potion of resistance for 190 gold pieces
 86322 | Vaults:5 | Bought a potion of curing for 57 gold pieces
 86322 | Vaults:5 | Bought a potion of heal wounds for 95 gold pieces
 86597 | Vaults:5 | Noticed an ancient lich
 86624 | Vaults:5 | Killed an ancient lich
 86977 | Vaults:5 | Identified the +6 arbalest of Irritation {freeze, rF- Dex+3
                  | SInv}
 87193 | Vaults:5 | Found Yptuess's Book Emporium.
 87926 | Zot:1    | Entered Level 1 of the Realm of Zot
 88701 | Zot:1    | Reached skill level 15 in Ice Magic
 89963 | Zot:1    | Identified the +5 chain mail of Sikoom {Rampage rF+ rCorr
                  | Dex+3}
 91046 | Zot:2    | Found a large runed translucent door.
 91047 | Zot:2    | Found a large runed translucent door.
 91048 | Zot:2    | Found a large runed translucent door.
 91048 | Zot:2    | Found a shimmering altar of Xom.
 91049 | Zot:2    | Found a large runed translucent door.
 91049 | Zot:2    | Found a large runed translucent door.
 91049 | Zot:2    | Found a large runed translucent door.
 91049 | Zot:2    | Identified the +9 battleaxe of the Foot {chaos, MP+9 Dex+4
                  | Stlth-}
 91166 | Zot:2    | Identified the +5 battleaxe of Ybryul {venom, rF+ Will+}
 91376 | Zot:2    | Found a large runed translucent door.
 91376 | Zot:2    | Found a large runed translucent door.
 91376 | Zot:2    | Identified the +0 chain mail "Taasm" {rCorr Str+3 Slay-2}
 91376 | Zot:2    | Identified the +5 chain mail of Impatience {rElec rF- rN+++
                  | Slay-2}
 91376 | Zot:2    | Identified the +9 fustibalus of Insomnia {chaos, Will+}
 92009 | Zot:2    | Reached skill level 1 in Evocations
 92983 | Slime:1  | Entered Level 1 of the Pits of Slime
 94065 | Slime:2  | Reached skill level 5 in Evocations
 94384 | Slime:3  | Gained mutation: Your body sometimes deteriorates upon
                  | taking damage. [a shining eye]
 94386 | Slime:3  | Gained mutation: You are dopey. (Int -2) [a shining eye]
 94387 | Slime:3  | Gained mutation: You tend to lose your temper in combat. [a
                  | shining eye]
 95064 | Slime:5  | Entered Level 5 of the Pits of Slime
 95113 | Slime:5  | Noticed the Royal Jelly
 95151 | Slime:5  | Found a viscous altar of Jiyva.
 95154 | Slime:5  | Found the +8 whip "Snakebite" {venom, curare, rPois}
 95375 | Slime:5  | Killed the Royal Jelly
 95465 | Slime:5  | HP: 8/222 [acid (9)]
 95465 | Slime:5  | HP: 2/222 [acid blob[the Royal Jelly] (6)]
 95465 | Slime:5  | Splashed by an acid blob's acid

Illustrated notes

Levels and vault maps discovered:
D:1:      psy_arrival_basics, layout_loops_corners
D:2:      layout_loops_corners, dreamdust_ecumenical_altar_angels_and_demons,
          uniq_natasha
D:3:      layout_rooms, dk_xom_monty_hall, overflow_temple_1_default,
          item_on_display_a
D:4:      layout_cave_pools, nicolae_hepliaklqana_hippocampus,
          minmay_temple_entry_hall, portal_sewer_entry_a, uniq_grinder
D:5:      layout_loops_ring, overflow_temple_1_default, serial_shops,
          nicolae_shop_competitors_out_of_business, minivault_26,
          nicolae_shop_sticking_my_neck_out
D:6:      layout_loops_corners, zin_academy, nicolae_ossuary_entry_monument,
          uniq_sigmund, uniq_duvessa
D:7:      layout_loops_corners, lemuel_old_faithful
D:8:      layout_basic, nicolae_overflow_crystal_walls, enter_bailey_5,
          chequers_serial_rivers_marsh
D:9:      hangedman_cross_cluster, layout_loops_cross, serial_glass,
          glass_columns_a, glass_columns_a
D:10:     layout_long_grid, trog_hazing_becter, minmay_misc_feat_room,
          dk_noncrumbling_2
D:11:     gammafunk_wand_slinger, layout_rooms
D:12:     layout_cross, erik_orc_3, nemelex_xobeh_ov_fountains_minmay
D:13:     layout_gridville, uniq_jorgrun, uniq_kirke
D:14:     layout_basic, david_vaults_4, minmay_misc_feat_x, uniq_agnes
D:15:     grunt_enter_depths_giant_problem, layout_grid_maze
Lair:1:   layout_long_grid, grunt_megastairs_2, serial_bayou_shore_a,
          minmay_lair_oklob_chamber, lemuel_fruit_fields
Lair:2:   layout_chaotic_city, gammafunk_ghost_split, beast_lair_carwin_9
Lair:3:   layout_chaotic_city, guppyfry_snake_entry_island, enter_volcano_1
Lair:4:   layout_regular_city, nicolae_swamp_entry_splash_gauntlet,
          serial_bayou, serial_bayou_pond_c, serial_bayou_lake_a,
          serial_bayou_lagoon_a, serial_bayou_crossing,
          gammafunk_ghost_cemetery, chequers_serial_rivers_small_3,
          forest_entry_grove
Lair:5:   layout_regular_city, hibernation_bobbens
Lair:6:   gammafunk_lair_ancient_temple, layout_loops_ring,
          minmay_slime_entry_pillars, uniq_josephine
Swamp:1:  layout_basic_swamp, evilmike_swamp_ruin_rubble_1
Swamp:2:  gammafunk_mikee_crab_dinner, layout_basic_swamp,
          evilmike_swamp_ruin_house_4
Swamp:3:  layout_falls_marsh, hangedman_swamp_ruin_wall
Swamp:4:  swamp_vile, layout_basic_swamp, ebering_ghost_reflecting_pool
Snake:1:  layout_grid_shapes, basic_altar, minmay_shoptagon
Snake:2:  layout_onion, portal_ice_cave_entry_frozen_things, basic_altar,
          minmay_shop_star, uniq_aizul, uniq_donald
Snake:3:  layout_layer_cave, special_room, uniq_vashnia, uniq_saint_roka
Snake:4:  minmay_snake_end_coiled, layout_cave_town, drop_trap,
          minmay_shop_grove, uniq_roxanne
Slime:1:  layout_caves
Slime:2:  layout_caves
Slime:3:  layout_caves
Slime:4:  layout_caves
Slime:5
Orc:1:    layout_caves
Orc:2:    grunt_orc_community_town_hall, layout_caves,
          grunt_orc_community_big_house_2, grunt_orc_community_big_house_2,
          grunt_orc_community_house_1, grunt_orc_community_house_3,
          grunt_orc_community_house_2, grunt_orc_community_house_1,
          serial_shops, nicolae_shop_waterfront
Elf:1:    eino_elf_arrival_the_gate, layout_loops_corners,
          serial_co_window_serial, co_window_of_opportunity_a,
          co_window_paths_a, co_window_of_opportunity_a,
          co_window_of_opportunity_a, co_window_corner_a,
          co_window_unsneaky_path_e, co_window_of_opportunity_b,
          co_window_broadway_c, co_window_unsneaky_path_e,
          co_window_unsneaky_path_b, co_window_paths_e, glass_columns_b,
          glass_columns_b, glass_columns_a, glass_columns_a, serial_shops,
          nicolae_shop_temple_entry_statues_fountains
Elf:2:    elven_hall_of_blades_hangedman_original
          [nicolae_blade_entry_splitting_headache], layout_geoelf_octagon,
          serial_shops, bzr_entry_islet, uniq_asterion, uniq_nikola
Elf:3:    elf_hall, layout_geoelf_diagonals, nicolae_trove_entry_path_of_doom
Vaults:1: vaults_dpeg_hooks, ontoclasm_vaults_chip, ontoclasm_vaults_ligature,
          st_quartered_hall, nicolae_vaults_gold_heap, nicolae_vaults_rhombus_6,
          vaults_mumra_chevron, nicolae_vaults_rhombus_7, grunt_vaults_funnel,
          grunt_vaults_focal, layout_vaults_omnigrid
Vaults:2: hangedman_vaults_unwind, ontoclasm_vaults_misaligned,
          hangedman_vaults_trim, v_misc_22, v_misc_13, v_pattern_2,
          nicolae_vaults_angled_halls, nicolae_vaults_little_squares_1,
          hangedman_vaults_restitches, hangedman_vaults_cutoff,
          dpeg_vaults_monster_row, layout_vaults_ring, serial_shops, shop
Vaults:3: nicolae_vaults_little_squares_6, v_misc_19, nicolae_vaults_minivaults,
          v_pattern_4, vaults_room_octagon, ontoclasm_vaults_eye,
          vaults_mumra_lcd, nicolae_vaults_hallways_thing,
          ontoclasm_vaults_ring_small, v_alt_pattern_2, vaults_room_boxed,
          minmay_crypt_entry_necro_gods, vaults_room_semicircle,
          ontoclasm_vaults_shuriken, v_misc_25, nicolae_vaults_three_branches,
          hangedman_vaults_cutoff, vaults_room_pools, layout_vaults_maze
Vaults:4: hangedman_vaults_nails, grunt_vaults_hallway_long,
          gammafunk_sealed_arena, v_rooms_5, hangedman_vaults_capsules,
          ontoclasm_vaults_decontamination, v_misc_15,
          nicolae_vaults_little_squares_6, layout_vaults_chaotic_city, uniq_jory
Vaults:5: uniq_mara
Crypt:1:  layout_basic, grunt_megastairs_3
Crypt:2:  layout_basic
Crypt:3:  grunt_crypt_end_deaths_head
Tomb:1
Depths:1: layout_gridlike, enter_ziggurat_a, minmay_room_of_horrors,
          pf_hell_entry_tar_spiral, lemuel_nasty_fountain, grunt_megastairs_4
Depths:2: minmay_crystal_thing, layout_gridlike, hell_entry,
          grunt_pan_entry_spiral, nicolae_tso_swordbearing_angel
Depths:3: minmay_diamond_stairs, layout_gridville, pan_entry, lightli_too_deep,
          serial_sigils_hangedman_confine, infiniplex_staircase_pool_2
Depths:4: minmay_strange_plus, layout_honeycomb, abyss_entry, pan_entry,
          serial_shops, shop_statue, serial_bayou_shore_b,
          grunt_hell_entry_dis_grunt, minmay_misc_feat_iff,
          infiniplex_staircase_trident
Depths:5: evilmike_zot_entry_gauntlet, layout_basic, basic_altar,
          hangedman_geh_valley, drop_trap, uniq_xtahua
Zot:1:    hangedman_orp_of_zott, layout_misc_corridors, grunt_ministairs_2
Zot:2:    layout_basic, grunt_ministairs_7, hangedman_xom_zot_hilarity

Skill      XL: |  1  2  3  4  5  6  7  8  9 10 11 12 13 14 15 16 17 18 19 20 21 22 23 24 25 26 27 |
---------------+----------------------------------------------------------------------------------+-----
Polearms       | 5 6 7 9 11 13 14 15 16 19 22 25 26 27 | 27.0
Stealth        | 1 3 4 5 6 9 |  9.0
Fighting       | 3 4 5 7 9 10 11 12 15 17 19 20 21 22 23 24 26 | 26.6
Armour         | 1 2 6 7 |  7.0
Dodging        | 5 6 7 9 11 12 13 14 16 17 18 19 20 22 23 24 25 27 | 27.0
Spellcasting   | 1 3 5 7 |  7.4
Hexes          | 1 4 5 6 9 10 12 13 15 16 | 16.0
Invocations    | 3 7 12 14 15 16 | 16.0
Ice Magic      | 2 6 8 19 | 19.0
Transmutations | 10 11 | 11.0
Evocations     | 7 |  7.7
Throwing       | |  2.1

Action                   |  1- 3 |  4- 6 |  7- 9 | 10-12 | 13-15 | 16-18 | 19-21 | 22-24 | 25-27 || total
-------------------------+-------+-------+-------+-------+-------+-------+-------+-------+-------++-------
Melee: Trident           |   109 |    98 |   634 |   200 |       |       |       |       |       ||  1041
       Tailslap          |       |       |     2 |     3 |     3 |     5 |    13 |     7 |     2 ||    35
       Halberd           |       |       |       |   338 |   544 |   622 |   348 |  1053 |    41 ||  2946
       Bardiche          |       |       |       |       |   320 |   154 |    51 |    33 |  1693 ||  2251
Throw: Throwing net      |       |     1 |     2 |     3 |     1 |       |       |       |       ||     7
       Dart              |       |       |       |     4 |     6 |       |       |       |       ||    10
 Cast: Tukima's Dance    |       |       |       |       |     5 |     8 |       |    10 |       ||    23
       Ozocubu's Armour  |       |       |       |       |       |     6 |     1 |     5 |     3 ||    15
       Frozen Ramparts   |       |       |       |       |       |     2 |     1 |     4 |     4 ||    11
       Corona            |       |       |       |       |       |     1 |       |       |     2 ||     3
       Invisibility      |       |       |       |       |       |       |       |       |     2 ||     2
       Yara's Violent Un |       |       |       |       |       |       |       |       |     3 ||     3
Invok: Ancestor Identity |       |       |     1 |       |       |       |       |       |       ||     1
       Recall Ancestor   |       |       |     1 |     5 |    11 |     9 |     5 |     4 |    12 ||    47
       Ancestor Life: He |       |       |     1 |       |       |       |       |       |       ||     1
       Idealise          |       |       |       |       |       |     7 |     3 |    12 |    15 ||    37
       Transference      |       |       |       |       |       |     1 |     2 |       |     1 ||     4
Evoke: Wand              |       |       |       |    16 |    23 |    42 |    32 |    11 |    15 ||   139
       Phantom mirror    |       |       |       |       |     2 |     1 |     1 |       |     1 ||     5
  Use: Scroll            |       |       |    10 |    10 |    14 |    17 |     3 |     5 |    19 ||    78
       Potion            |       |       |       |     1 |     3 |    16 |     3 |     6 |    23 ||    52
 Stab: Sleeping          |     7 |     6 |    32 |    21 |    29 |    25 |    14 |    34 |    38 ||   206
       Held in net/web   |       |     2 |       |       |       |       |       |       |       ||     2
       Distracted        |       |     1 |     2 |     9 |    17 |    21 |    11 |    41 |    72 ||   174
       Confused          |       |       |       |     8 |     9 |     7 |    11 |    37 |    57 ||   129
       Paralysed         |       |       |       |       |     8 |    18 |    19 |    56 |    48 ||   149
       Invisible         |       |       |       |       |       |     2 |       |       |     6 ||     8
Armor: Leather armour    |    25 |    17 |   146 |    65 |       |       |       |       |       ||   253
       Skin              |       |       |       |   101 |    97 |       |       |   112 |       ||   310
       Robe              |       |       |       |       |    69 |   190 |    77 |    69 |    79 ||   484
       Scale mail        |       |       |       |       |       |       |       |       |   210 ||   210
Dodge: Dodged            |    55 |    35 |   340 |   376 |   493 |   529 |   263 |   380 |  1027 ||  3498
